 Dungeon Crawl Stone Soup version 0.32-a0-893-gf85d74f360 (webtiles) character file.

Game seed: 12669929969154520609

6048 pokedragonboy the Placeless Armataur (level 10, -11/84 HPs)
             Began as an Armataur Warper on Apr 3, 2024.
             Was an Elder of Cheibriados.
             Mangled by a two-headed ogre
             ... wielding a +0 giant club
              (19 damage)
             ... on level 9 of the Dungeon.
             The game lasted 00:36:27 (10765 turns).

pokedragonboy the Placeless Armataur (AtWr)        Turns: 10765, Time: 00:36:29

Health: -11/84     AC: 13    Str: 30    XL:     10   Next: 57%
Magic:  6/14       EV:  8    Int: 23    God:    Cheibriados [****..]
Gold:   464        SH:  0    Dex: 18    Spells: 3/15 levels left

rFire   . . .        a - +0 war axe
rCold   + . .        (no shield)
rNeg    . . .        N - +0 swamp dragon scales
rPois   +            n - +0 helmet
rElec   .            e - +0 cloak
rCorr   .            p - +0 pair of gloves
SInv    .            (no barding)
Will    +....        v - amulet of faith Stlth
                     D - ring of protection from cold
HPRegen 0.34/turn    w - ring of willpower
MPRegen 0.14/turn

%: roll, faith
@: confused, ambrosia-drunk, very slow
A: large, deformed body, tough skin 3, armoured tail, rollpage 2
a: Renounce Religion, Bend Time, Temporal Distortion, Slouch


You were on level 9 of the Dungeon.
You worshipped Cheibriados.
Cheibriados was greatly pleased with you.
You visited 2 branches of the dungeon, and saw 11 of its levels.

You collected 464 gold pieces.

Inventory:

Hand Weapons
 a - a +0 war axe (weapon)
 b - a +2 spear of venom
 A - the +6 long sword "Dudaap" {holy, rElec rPois rN+}
   (You found it on level 5 of the Dungeon)

   rElec:     It insulates you from electricity.
   rPois:     It protects you from poison.
   rN+:       It protects you from negative energy.
 F - a +2 long sword of flaming
Missiles
 d - 7 darts of dispersal (quivered)
 i - 5 curare-tipped darts
 l - 21 poisoned darts
Armour
 c - a +0 buckler
 e - a +0 cloak (worn)
 n - a +0 helmet (worn)
 p - a +0 pair of gloves (worn)
 r - a +3 leather armour of cold resistance
 L - the +2 leather armour of Gesust {Str+3 Int+2}
   (You found it on level 9 of the Dungeon)

   Str+3:     It affects your strength (+3).
   Int+2:     It affects your intelligence (+2).
 N - +0 swamp dragon scales (worn)
 P - a +0 plate armour
Jewellery
 g - a ring of positive energy
 v - an amulet of faith (around neck)
 w - a ring of willpower (right hand)
 D - a ring of protection from cold (left hand)
 I - a ring of see invisible
 K - an amulet of reflection
Talismans
 O - a dragon-blood talisman
Wands
 q - a wand of light (5)
 C - a wand of flame (4)
 H - a wand of paralysis (6)
 J - a wand of warping (7)
Scrolls
 j - a scroll of poison {unknown}
 m - 5 scrolls of fog
 u - a scroll of brand weapon {unknown}
 y - a scroll of amnesia
 B - 2 scrolls of vulnerability
 E - a scroll of revelation {unknown}
 M - a scroll of enchant armour {unknown}
Potions
 h - 2 potions of resistance
 k - a potion of brilliance {unknown}
 o - 2 potions of attraction
 s - a potion of might {unknown}
 x - a potion of ambrosia
 z - a potion of enlightenment {unknown}
 G - 2 potions of cancellation


   Skills:
 + Level 6.3 Fighting
 * Level 7.2 Axes
 - Level 0.8 Throwing
 + Level 8.0 Armour
 - Level 1.3 Dodging
 - Level 3.1 Spellcasting
 * Level 9.5 Translocations
 + Level 2.5 Air Magic


You had 3 spell levels left.
You knew the following spells:

 Your Spells              Type           Power      Damage    Failure   Level
c - Vhi's Electric Charg  Tloc/Air       62%        N/A       13%         4
d - Maxwell's Portable P  Tloc           47%        2d(9-27)  1%          3
j - Teleport Other        Tloc           47%        N/A       1%          3
n - Blink                 Tloc           94%        N/A       1%          2

Your spell library contained the following spells:

 Spells                   Type           Power      Damage    Failure   Level
 Lesser Beckoning         Tloc           94%        N/A       1%          2
 Dispersal                Tloc           23%        N/A       43%         6
 Gell's Gavotte           Tloc           23%        2d(22-32) 43%         6


Dungeon Overview and Level Annotations

Branches:
Dungeon (10/15)            Temple (1/1) D:5
   Lair: D:8-11         Orc: D:9-12

Altars:
Ashenzari
Cheibriados
Dithmenos
Elyvilon
Fedhas
Gozag
Hepliaklqana
Kikubaaqudgha
Makhleb
Nemelex Xobeh
Okawaru
Qazlal
Ru
Sif Muna
Trog
Uskayaw
Wu Jian
Xom
Yredelemnul
Zin
The Shining One
Jiyva

Annotations:
D:9 3 runed translucent doors, KennySheep's ghost, journeyman FoCA; Snorg


Innate Abilities, Weirdness & Mutations

Armour fits poorly on your strangely shaped body.
You have extremely tough skin. (AC +3)
You have a long armoured tail.
You regenerate magic and health when rolling toward enemies. (Rampage Regen)


Message History

Okay, then.
The flow of time bends around you.
Snorg resists with some effort.
Snorg completely misses you. Snorg barely misses you.
Snorg closely misses you. x2
Snorg claws you! Snorg claws you but does no damage.
As you read the scroll of teleportation, it crumbles to dust.
You feel strangely unstable. Snorg completely misses you. Snorg claws you!
Snorg claws you but does no damage.
You slash Snorg!
Snorg is moderately wounded.
Snorg bites you! Snorg claws you. Snorg claws you!
* * * LOW HITPOINT WARNING * * *
Snorg bites you but does no damage. Snorg claws you!
* * * LOW HITPOINT WARNING * * *
Snorg claws you!
* * * LOW HITPOINT WARNING * * *
Unknown command.
Casting: Teleport Other (safe; 1% risk of failure)
Confirm with . or Enter, or press ? or * to list all spells.
You blink.
Unknown command.
Your surroundings suddenly seem different.
Okay, then.
Okay, then.
Casting: Blink (safe; 1% risk of failure)
Confirm with . or Enter, or press ? or * to list all spells.
Aiming: Teleport Other (safe; 1% risk of failure)
Press: ? - help, Shift-Dir - straight line, f - two-headed ogre
Aim: a two-headed ogre, wielding two +0 giant clubs (chance to affect: 63%)
The two-headed ogre looks slightly unstable.
Casting: Teleport Other (safe; 1% risk of failure)
Confirm with . or Enter, or press ? or * to list all spells.
You don't have enough magic to cast this spell.
Okay, then.
It was a potion of ambrosia.
You are confused.
You feel invigorated.
You feel ready to blink again.
The two-headed ogre hits you with a +0 giant club!!
You die...
Cheibriados appreciates the motionlessness of death.

....##.##..........#
....'..##..........#
....############)###
##'## #..# #.# #.##
#.# #######'##
##+### #[.......#
.....####........#
.....##.'......O@#
.....#..#........#
.....'.##........#
.....####........#
....># ##########
.....# ######


You could see a two-headed ogre (teleporting).

Vanquished Creatures
  Erolcha (D:9)
  A two-headed ogre (D:9)
  Maggie (D:9)
  4 yaks (D:9)
  A steam dragon (D:7)
  An acid dragon (D:7)
  4 water moccasins
  2 ice beasts
  2 sky beasts
  2 orc warriors
  2 ogres
  8 centaurs
  3 phantoms
  A kobold brigand (D:9)
  3 bullfrogs
  2 gnoll sergeants (D:9)
  2 scorpions (D:6)
  4 wights (D:8)
  2 killer bees (D:9)
  A howler monkey (D:5)
  5 hounds
  A jelly (D:8)
  Jessica (D:3)
  A sleepcap (D:5)
  Ijyb (D:3)
  4 iguanas
  6 orc wizards
  7 adders
  22 gnolls
  A shadow imp (D:4)
  A white imp (D:6)
  An ufetubus (D:5)
  2 dart slugs
  3 ribbon worms
  22 orcs
  8 endoplasms
  6 giant cockroaches
  7 hobgoblins
  4 jackals (D:2)
  12 kobolds
  2 quokkas
  7 ball pythons
  A bat (D:3)
  2 frilled lizards (D:1)
  5 goblins
  3 rats (D:3)
182 creatures vanquished.

Notes
Turn   | Place    | Note
-------+----------+-------------------------------------------
     0 | D:1      | pokedragonboy the Armataur Warper began the quest for the
                  | Orb.
     0 | D:1      | Reached XP level 1. HP: 17/17 MP: 3/3
   224 | D:1      | Reached XP level 2. HP: 24/24 MP: 4/4
   952 | D:2      | Reached XP level 3. HP: 29/29 MP: 5/5
  1770 | D:3      | Reached XP level 4. HP: 37/37 MP: 6/6
  1788 | D:3      | Learned a level 2 spell: Blink
  1792 | D:3      | Learned a level 3 spell: Teleport Other
  1871 | D:3      | Found a broken altar of Ashenzari.
  2307 | D:3      | Noticed Ijyb
  2318 | D:3      | Killed Ijyb
  2319 | D:3      | Reached XP level 5. HP: 42/42 MP: 7/7
  2513 | D:3      | Noticed Jessica
  2519 | D:3      | Killed Jessica
  2678 | D:4      | Noticed an ogre
  2700 | D:4      | Noticed a phantom
  2886 | D:4      | Killed an ogre
  2887 | D:4      | Reached skill level 4 in Translocations
  2887 | D:4      | Reached XP level 6. HP: 46/51 MP: 4/8
  2895 | D:4      | Learned a level 3 spell: Maxwell's Portable Piledriver
  3624 | D:5      | Entered Level 5 of the Dungeon
  3756 | D:5      | Gained mutation: You regenerate magic and health when
                  | rolling toward enemies. (Rampage Regen) [Armataur growth]
  3756 | D:5      | Reached XP level 7. HP: 44/57 MP: 9/9
  3831 | D:5      | Reached skill level 5 in Translocations
  3940 | D:5      | Found a shimmering blue altar of Sif Muna.
  3986 | D:5      | Identified the +6 long sword "Dudaap" {holy, rElec rPois
                  | rN+}
  4274 | D:5      | Found a staircase to the Ecumenical Temple.
  4286 | Temple   | Entered the Ecumenical Temple
  4299 | Temple   | Became a worshipper of Cheibriados the Contemplative
  4321 | D:5      | Reached XP level 8. HP: 66/66 MP: 10/10
  4685 | D:6      | Reached skill level 5 in Armour
  4685 | D:6      | Reached skill level 6 in Translocations
  5076 | D:6      | Reached * piety under Cheibriados
  5207 | D:6      | Reached skill level 7 in Translocations
  5575 | D:7      | Reached skill level 5 in Axes
  5644 | D:7      | Reached skill level 5 in Fighting
  5976 | D:7      | Reached XP level 9. HP: 63/74 MP: 12/12
  5981 | D:7      | Learned a level 4 spell: Vhi's Electric Charge
  6155 | D:7      | Reached ** piety under Cheibriados
  7347 | D:8      | Reached skill level 8 in Translocations
  7965 | D:9      | Identified the +2 leather armour of Gesust {Str+3 Int+2}
  8014 | D:9      | Found a white marble altar of Elyvilon.
  8123 | D:9      | Noticed a two-headed ogre
  8130 | D:9      | Killed a two-headed ogre
  8131 | D:9      | Reached skill level 1 in Air Magic
  8131 | D:9      | Reached XP level 10. HP: 16/83 MP: 14/14
  8623 | D:9      | Found a runed translucent gate.
  8623 | D:9      | Found a runed translucent gate.
  8623 | D:9      | Found a runed translucent gate.
  8624 | D:9      | Noticed KennySheep's ghost (journeyman FoCA)
  8744 | D:9      | Reached *** piety under Cheibriados
  9169 | D:9      | Noticed Erolcha
  9180 | D:9      | Killed Erolcha
  9181 | D:9      | Reached skill level 9 in Translocations
 10090 | D:9      | Found a viscous altar of Jiyva.
 10136 | D:10     | Entered Level 10 of the Dungeon
 10136 | D:10     | Noticed Maggie
 10136 | D:10     | Noticed a two-headed ogre
 10150 | D:9      | Killed Maggie
 10457 | D:10     | Noticed Snorg
 10754 | D:9      | Reached **** piety under Cheibriados
 10761 | D:9      | HP: 2/84 [Snorg (8)]
 10765 | D:9      | Mangled by a two-headed ogre

Illustrated notes

Levels and vault maps discovered:
D:1:      minmay_arrival_five_plusses, layout_basic
D:2:      layout_loops_ring, nicolae_underground_beach
D:3:      layout_loops_ring, cheibrodos_ashenzari_chains, kennysheep_nub,
          uniq_ijyb, uniq_jessica
D:4:      layout_rooms, serial_corexii_hall, corexii_hall_statues_s,
          chequers_hall_statues_wall_a, minmay_misc_feat_enclosed
D:5:      kb_forest_paths, layout_basic, nicolae_sif_muna_condensation
D:6:      layout_basic
D:7:      layout_gridville
D:8:      layout_cave_pools
D:9:      layout_roguey, elyvilon_altar_1, gammafunk_ghost_ooze, uniq_erolcha
D:10:     layout_rooms, vehumet_statue, dpeg_oklobed_lair,
          minmay_orc_entry_guard_dogs, uniq_snorg, uniq_psyche, uniq_fannar,
          uniq_maggie, uniq_gastronok
Temple:   nicolae_temple_bog_church

Skill      XL: |  1  2  3  4  5  6  7  8  9 10 |
---------------+-------------------------------+-----
Fighting       | 2 3 4 5 6 |  6.3
Axes           | 2 3 4 5 6 7 |  7.2
Armour         | 2 3 4 6 7 8 |  8.0
Translocations | 4 5 7 8 9 |  9.5
Spellcasting   | 2 3 |  3.1
Air Magic      | 1 2 |  2.5
Throwing       | |  0.8
Dodging        | |  1.3

Action                     |  1- 3 |  4- 6 |  7- 9 | 10-12 || total
---------------------------+-------+-------+-------+-------++-------
  Melee: Hand axe          |   134 |    30 |       |       ||   164
         Tailslap          |    16 |    26 |    53 |    14 ||   109
         Dagger            |       |   117 |       |       ||   117
         Spear             |       |    31 |   233 |       ||   264
         War axe           |       |       |   123 |   113 ||   236
  Throw: Dart              |       |     1 |       |       ||     1
   Cast: Blink             |       |     1 |       |     5 ||     6
         Maxwell's Portabl |       |       |     2 |     4 ||     6
         Teleport Other    |       |       |       |     5 ||     5
 Invoke: Bend Time         |       |       |     2 |     4 ||     6
  Evoke: Wand              |       |       |     4 |     3 ||     7
    Use: Scroll            |     2 |     2 |     6 |     7 ||    17
         Potion            |       |       |     3 |     6 ||     9
   Stab: Invisible         |       |       |     1 |       ||     1
         Sleeping          |       |       |     1 |       ||     1
 Armour: Leather armour    |    39 |   109 |   425 |   167 ||   740
         Ring mail         |    64 |    27 |       |       ||    91
         Swamp dragon scal |       |       |       |    47 ||    47
  Dodge: Dodged            |    59 |    74 |   214 |    92 ||   439

Table legend: (Time is in decaauts)
 A = Elapsed time spent in this place.
 B = Non-inter-level travel time spent in this place.
 C = Inter-level travel time spent in this place.
 D = Time resting spent in this place.
 E = Time spent auto-exploring this place.
 F = Levels seen in this place.
 G = Mean time per level.
                   A        B        C        D        E       F      G
               +--------+--------+--------+--------+--------+-----+--------+
         Total |  12165 |  11614 |    551 |   2801 |   6795 |  11 | 1105.9 |
       Dungeon |  12135 |  11611 |    524 |   2801 |   6795 |  10 | 1213.5 |
        Temple |     29 |      2 |     27 |      0 |      0 |   1 |   29.0 |
               +--------+--------+--------+--------+--------+-----+--------+

Top non-repeatable levels by time:
     D:9: 3356 daAuts
     D:7: 1965 daAuts
     D:5: 1123 daAuts
     D:3: 1117 daAuts
     D:6: 1035 daAuts
     D:8: 993 daAuts
     D:2: 916 daAuts
     D:1: 839 daAuts
     D:4: 781 daAuts
  Temple: 29 daAuts
    D:10: 6 daAuts
